General information
- name: Partida local (miguel)
- type: Custom game
- host: miguel
- saver:
map: BanditRidge
- players: 2
- length: 32:42
- speed: Fast
- version: 1.26 W3XP
- replay type: Public
» download(161 KB)
Players
team 1 (winner)
miguel (
brown | 50 APM | 1649 actions | 32:42)
5 Blood Mage
2 Flame Strike
2 Siphon Mana
1 Banish
2 Mountain King
1 Storm Bolt
1 Bash
» actions
| Assign group hotkey | 42 | |
| Basic commands | 8 | |
| Build / train | 83 | |
| Enter build submenu | 26 | |
| Enter hero's abilities submenu | 7 | |
| Give item / drop item | 2 | |
| Remove unit from queue | 1 | |
| Right click | 872 | |
| Select / deselect | 419 | |
| Select group hotkey | 68 | |
| Use ability | 121 | |
1649 total
» units
| Peasant | 14 | |
| Footman | 12 | |
| Rifleman | 4 | |
| Mortar Team | 5 | |
| Sorceress | 3 | |
| Spell Breaker | 2 | |
| Priest | 1 | |
41 total
» upgrades
| Defend | 1 | |
| Lumber Harvesting | 1 | |
| Sorceress Training | 1 | |
3 total
» buildings
| Altar of Kings | 1 | |
| Farm | 8 | |
| Arcane Vault | 2 | |
| Barracks | 1 | |
| Lumber Mill | 1 | |
| Blacksmith | 1 | |
| Scout Tower | 5 | |
| Guard Tower | 5 | |
| Keep | 1 | |
| Arcane Tower | 1 | |
| Workshop | 1 | |
| Town Hall | 2 | |
| Arcane Sanctum | 1 | |
| Castle | 1 | |
31 total
» build order
00:03 Altar of Kings
00:09 Farm
01:00 Arcane Vault
01:32 Barracks
01:50 Farm
02:36 Lumber Mill
02:49 Blacksmith
03:32 Farm
03:42 Scout Tower
04:15 Guard Tower
04:52 Keep
05:55 Farm
06:06 Scout Tower
06:07 Scout Tower
06:09 Scout Tower
06:10 Scout Tower
06:40 Guard Tower
06:50 Arcane Tower
07:54 Workshop
10:18 Farm
10:22 Farm
12:14 Farm
12:16 Farm
13:40 Guard Tower
13:58 Guard Tower
14:04 Guard Tower
14:25 Town Hall
14:41 Arcane Sanctum
17:51 Castle
21:57 Town Hall
22:34 Arcane Vault
» items
| Scroll of Regeneration | 4 | |
| Lesser Clarity Potion | 2 | |
| Staff of Teleportation | 1 | |
| Potion of Mana | 1 | |
| Ivory Tower | 6 | |
| Scroll of Healing | 3 | |
| Circlet of Nobility | 1 | |
| Potion of Healing | 1 | |
| Scroll of Town Portal | 1 | |
20 total
team 2 (loser)
kodachi (
green | 55 APM | 1811 actions | 32:42)
5 Shadow Hunter
1 Hex
2 Serpent Ward
2 Healing Wave
4 Blademaster
2 Wind Walk
2 Critical Strike
» actions
| Assign group hotkey | 23 | |
| Basic commands | 3 | |
| Build / train | 65 | |
| Enter build submenu | 26 | |
| Enter hero's abilities submenu | 8 | |
| Remove unit from queue | 5 | |
| Right click | 1123 | |
| Select / deselect | 366 | |
| Select group hotkey | 79 | |
| Use ability | 113 | |
1811 total
» units
| Peon | 8 | |
| Grunt | 16 | |
| Troll Headhunter/Berserker | 2 | |
| Demolisher | 2 | |
| Wind Rider | 1 | |
29 total
» upgrades
| Pillage | 1 | |
| Armor | 1 | |
| Ranged Weapons | 0 | |
| Spiked Barricades | 1 | |
| Berserker Strength | 1 | |
| Melee Weapons | 1 | |
5 total
» buildings
| Altar of Storms | 2 | |
| Orc Burrow | 6 | |
| War Mill | 2 | |
| Barracks | 2 | |
| Watch Tower | 7 | |
| Voodoo Lounge | 1 | |
| Stronghold | 1 | |
| Beastiary | 2 | |
| Great Hall | 1 | |
24 total
» build order
00:09 Altar of Storms
00:15 Orc Burrow
00:20 War Mill
01:14 Barracks
02:10 Watch Tower
02:47 Watch Tower
02:58 Orc Burrow
03:39 Voodoo Lounge
04:00 Watch Tower
04:07 Orc Burrow
04:35 Barracks
05:46 Orc Burrow
08:24 Watch Tower
09:47 Stronghold
11:07 War Mill
11:48 Watch Tower
11:49 Watch Tower
12:43 Watch Tower
14:33 Beastiary
17:26 Orc Burrow
18:01 Orc Burrow
18:39 Beastiary
22:39 Altar of Storms
28:40 Great Hall
» items
| Healing Salve | 2 | |
| Scroll of Speed | 2 | |
| Lesser Clarity Potion | 4 | |
| Potion of Mana | 2 | |
| Potion of Healing | 1 | |
| Scroll of Town Portal | 3 | |
14 total
Chat log
(31:51 / All) miguel: done tenias la base?
(32:08 / All) kodachi: jajajaj